AoeStats
← 13645570128

Arena

509649630Analyzed
1v1 RM · 6d ago on Sep 27, 2026· 42m 38s· 2 players
Game mode
Random Map
Map size
Tiny (2 player)
Population
200
Speed
Normal
Resources
Standard
Victory
Conquest
Starting age
Dark Age
Ending age
Imperial Age
RankedLock teamsTeams togetherTeam positionsShared explorationLock speedFull tech treeHidden civsTurbo modeCheats
Victory
Defeat
🇿🇦 Romans · South Africa
765
+18
🇭🇰 Mongols · Hong Kong SAR China
813
-44
enslin
3:40 Loom
10:28 Feudal Age
11:48 Wheelbarrow
12:54 Double-Bit Axe
14:01 Man-at-Arms
20:17 Castle Age
18:50 Scale Mail Armor
20:36 Stone Mining
20:24 Long Swordsman
20:26 Pikeman
20:44 Crossbowman
23:14 Hand Cart
27:26 Fletching
27:36 Padded Archer Armor
28:11 Bow Saw
28:01 Horse Collar
30:19 Ballistics
35:49 Imperial Age
33:44 Ballistas
33:52 Heavy Plow
33:49 Gold Mining
34:51 Town Watch
37:04 Heavy Scorpion
38:19 Town Patrol
39:57 Gold Shaft Mining
41:01 Chemistry
40:08 Siege Engineers
40:03 Murder Holes
40:18 Fortified Wall
40:25 Fortified Wall
40:05 Halberdier
40:46 Squires
42:15 Comitatenses
43:09 Crop Rotation
13645570128
12:17 Feudal Age
12:43 Double-Bit Axe
12:43 Horse Collar
13:17 Gold Mining
16:02 Wheelbarrow
21:02 Castle Age
20:43 Stone Mining
22:19 Husbandry
22:38 Forging
25:27 Bloodlines
25:56 Gold Shaft Mining
26:12 Heavy Plow
28:38 Hand Cart
35:54 Imperial Age
33:19 Town Watch
33:48 Scale Barding Armor
34:05 Loom
37:36 Conscription
39:25 Iron Casting
40:09 Elite Steppe Lancer
42:01 Stone Shaft Mining
43:24 Blast Furnace
Connection lost

Rejoining the realm…

Still unreachable

The connection could not be restored.

Session expired

The server has moved on; the page needs a fresh start.